 Dungeon Crawl Stone Soup version 0.30-a0-141-g30f27751c5 (webtiles) character file.

Game seed: 1298800977661097630

86 zxpr0jk the Chiller (level 4, -2/33 HPs)
             Began as a Draconian Ice Elementalist on Sept 26, 2022.
             Slain by an iguana (3 damage)
             ... on level 4 of the Dungeon.
             The game lasted 00:07:07 (2992 turns).

zxpr0jk the Chiller (Draconian Ice Elementalist)    Turns: 2992, Time: 00:07:07

Health: -2/33      AC: 11    Str: 11    XL:     4   Next: 27%
Magic:  0/8        EV: 11    Int: 15    God:
Gold:   130        SH:  3    Dex: 13    Spells: 1/8 levels left

rFire   . . .      SeeInvis +    m - +0 trident
rCold   . . .      Faith    .    n - +0 buckler
rNeg    . . .      Spirit   .    (body armour unavailable)
rPois   .          Reflect  .    (helmet restricted)
rElec   .          Harm     .    (no cloak)
rCorr   .          Rampage  .    (no gloves)
Will    .....                    (no boots)
Stlth   ++........               (no amulet)
HPRegen 0.11/turn                h - ring of see invisible
MPRegen 0.11/turn                (no ring)

@: ice-armoured
A: AC +5, unfitting armour, cold-blooded
a: no special abilities


You were on level 4 of the Dungeon.
You visited 1 branch of the dungeon, and saw 4 of its levels.

You collected 130 gold pieces.

Inventory:

Hand Weapons
 m - a +0 trident (weapon)
Armour
 j - an orb of guile
 n - a +0 buckler (worn)
Magical Staves
 o - a staff of air
Jewellery
 h - a ring of see invisible (left hand)
Scrolls
 c - a scroll of enchant armour {unknown}
 d - 2 scrolls of fog {unknown}
 f - 5 scrolls of identify {unknown}
 g - 2 scrolls of noise {unknown}
 i - a scroll of magic mapping {unknown}
Potions
 a - a potion of magic
 b - a potion of mutation {unknown}
 e - a potion of degeneration {unknown}
 k - a potion of invisibility {unknown}
 l - a potion of lignification {unknown}
 p - a potion of curing {unknown}
 q - a potion of berserk rage {unknown}


   Skills:
 - Level 1.7 Dodging
 - Level 1.7 Stealth
 * Level 0.4 Shields
 - Level 2.8 Spellcasting
 + Level 5.2 Ice Magic


You had one spell level left.
You knew the following spells:

 Your Spells              Type           Power      Damage    Failure   Level
a - Freeze                Ice            68%        1d8       3%          1
b - Ozocubu's Armour      Ice            17%        N/A       10%         3
c - Frozen Ramparts       Ice            34%        1d6       10%         3

Your spell library contained the following spells:

 Spells                   Type           Power      Damage    Failure   Level
 Hailstorm                Conj/Ice       10%        3d5       67%         4


Dungeon Overview and Level Annotations

Branches:
Dungeon (4/15)
 Temple: D:4-7

Altars:


Innate Abilities, Weirdness & Mutations

Your plain brown scales are hard. (AC +5)
You cannot fit into any form of body armour.
You are cold-blooded and may be slowed by cold attacks.


Message History

[Y]es or [N]o only, please.
The spell is quite dangerous to miscast (10% risk of failure)!
Continue anyway?
A film of ice covers your body! The iguana barely misses you.
Unknown command.
Casting: Ozocubu's Armour (quite dangerous; 10% risk of failure)
Confirm with . or Enter, or press ? or * to list all spells.
Aiming: Freeze (safe; 3% risk of failure)
Press: ? - help, Shift-Dir - straight line, f/p - iguana
Aim: an iguana (heavily wounded, slow)
You freeze the iguana.
The iguana is severely wounded.
Unknown command.
Casting: Freeze (safe; 3% risk of failure)
Confirm with . or Enter, or press ? or * to list all spells.
You don't have enough magic to cast this spell.
Okay, then.
Casting: Freeze (safe; 3% risk of failure)
Confirm with . or Enter, or press ? or * to list all spells.
Aiming: Freeze (safe; 3% risk of failure)
Press: ? - help, Shift-Dir - straight line, f/p - iguana
Aim: an iguana (severely wounded, slow)
You freeze the iguana.
The iguana is severely wounded.
The iguana bites you!
* * * LOW HITPOINT WARNING * * *
Casting: Freeze (safe; 3% risk of failure)
Confirm with . or Enter, or press ? or * to list all spells.
Aiming: Freeze (safe; 3% risk of failure)
Press: ? - help, Shift-Dir - straight line, f/p - iguana
Aim: an iguana (severely wounded, slow)
You freeze the iguana.
The iguana is severely wounded.
The iguana misses you.
Unknown command.
Okay, then.
You aren't carrying any items that you can evoke.
You hit the iguana.
The iguana is almost dead.
The iguana bites you.
You die...

#######...##..###...
#....>...###...##...
##..........#....#...
#...........#....'...
##....##...##...##...
#######'#####+###...
#........ #...
######........ #...
#.@$.......... #...
#.l####+####... #...
#.. .. #... #.. . #..
#.. #.. #..


You could see an iguana (slow).

Vanquished Creatures
  2 adders (D:2)
  A worm (D:2)
  A dart slug (D:1)
  6 endoplasms
  2 giant cockroaches (D:1)
  4 goblins
  7 hobgoblins
  9 jackals
  A quokka (D:3)
  7 ball pythons
  2 bats
  2 frilled lizards (D:3)
  6 kobolds
  9 rats
59 creatures vanquished.

Notes
Turn   | Place    | Note
-------+----------+-------------------------------------------
     0 | D:1      | zxpr0jk the Draconian Ice Elementalist began the quest for
                  | the Orb.
     0 | D:1      | Reached XP level 1. HP: 14/14 MP: 3/3
   397 | D:1      | Reached XP level 2. HP: 20/20 MP: 5/5
  1060 | D:1      | Reached XP level 3. HP: 15/26 MP: 1/6
  1064 | D:1      | Learned a level 3 spell: Ozocubu's Armour
  1366 | D:1      | Learned a level 3 spell: Frozen Ramparts
  1743 | D:2      | Reached skill level 5 in Ice Magic
  2023 | D:2      | Reached XP level 4. HP: 31/33 MP: 4/8
  2315 | D:2      | Found a faded altar of an unknown god.
  2990 | D:4      | HP: 1/33 [iguana (10)]
  2992 | D:4      | Slain by an iguana

Illustrated notes

Levels and vault maps discovered:
D:1:      evilmike_arrival_plus, layout_loops_ring, minmay_small_reverse_x
D:2:      layout_rooms, hellmonk_ecumenical_altar_pennies_from_heaven,
          minivault_25, st_stairs_5, due_unseen_surprise
D:3:      layout_basic
D:4:      layout_gridville, hangedman_abyss_or_decor_slice, grunt_tough_drop,
          uniq_ijyb, uniq_eustachio

Skill      XL: |  1  2  3 |
---------------+----------+-----
Ice Magic      | 5 |  5.2
Dodging        | |  1.7
Stealth        | |  1.7
Shields        | |  0.4
Spellcasting   | |  2.8

Action                   |  1- 3 |  4- 6 || total
-------------------------+-------+-------++-------
Melee: Short sword       |    46 |     2 ||    48
       Unarmed           |     2 |       ||     2
       Tailslap          |     4 |     3 ||     7
       Trident           |       |    34 ||    34
 Cast: Freeze            |    49 |    15 ||    64
       Ozocubu's Armour  |     1 |     1 ||     2
       Frozen Ramparts   |     1 |       ||     1
 Stab: Sleeping          |     8 |     2 ||    10
Armor: Skin              |    25 |    10 ||    35
Dodge: Dodged            |    56 |    29 ||    85
Block: Buckler           |       |     2 ||     2

Table legend: (Time is in decaauts)
 A = Elapsed time spent in this place.
 B = Non-inter-level travel time spent in this place.
 C = Inter-level travel time spent in this place.
 D = Time resting spent in this place.
 E = Time spent auto-exploring this place.
 F = Levels seen in this place.
 G = Mean time per level.
                   A        B        C        D        E       F      G
               +--------+--------+--------+--------+--------+-----+--------+
         Total |   3004 |   2947 |     57 |     70 |   2409 |   4 |  751.0 |
       Dungeon |   3004 |   2947 |     57 |     70 |   2409 |   4 |  751.0 |
               +--------+--------+--------+--------+--------+-----+--------+

Top non-repeatable levels by time:
     D:1: 1559 daAuts
     D:2: 846 daAuts
     D:3: 528 daAuts
     D:4: 69 daAuts
